 Dungeon Crawl Stone Soup version 0.30-a0-469-g84de5afbc5 (webtiles) character file.

Game seed: 7256205888318138992

902 Coaxmetal the Magician (level 7, -6/36 (40) HPs)
             Began as a Deep Elf Hedge Wizard on Dec 20, 2022.
             Mangled by a wyvern (14 damage)
             ... on level 4 of the Dungeon.
             The game lasted 00:16:08 (5735 turns).

Coaxmetal the Magician (Deep Elf Hedge Wizard)      Turns: 5735, Time: 00:16:08

HP:   -6/36 (40)    AC:  6    Str:  7    XL:     7   Next: 80%
MP:   2/18          EV: 12    Int: 21    God:
Gold: 210           SH:  0    Dex: 14    Spells: 8/18 levels left

rFire   + . .      SeeInvis .    a - +0 dagger
rCold   + . .      Faith    .    (no shield)
rNeg    + . .      Spirit   .    x - +2 robe {rF+}
rPois   .          Reflect  .    c - +0 hat
rElec   .          Harm     .    l - +0 cloak
rCorr   .          Rampage  .    (no gloves)
Will    .....                    B - +0 pair of boots
Stlth   +++.......               (no amulet)
HPRegen 0.26/turn                i - ring of protection from cold
MPRegen 0.16/turn                m - ring of positive energy

@: heavily drained
A: no striking features
a: no special abilities


You were on level 4 of the Dungeon.
You visited 1 branch of the dungeon, and saw 5 of its levels.

You collected 210 gold pieces.

Inventory:

Hand Weapons
 a - a +0 dagger (weapon)
Armour
 c - a +0 hat (worn)
 l - a +0 cloak (worn)
 x - a +2 robe of fire resistance (worn)
 B - a +0 pair of boots (worn)
Jewellery
 i - a ring of protection from cold (left hand)
 m - a ring of positive energy (right hand)
 q - an amulet of guardian spirit
Scrolls
 d - a scroll of identify {unknown}
 e - a scroll of fear {unknown}
 h - a scroll of immolation {unknown}
 k - 2 scrolls of magic mapping {unknown}
 s - 2 scrolls of brand weapon {unknown}
 t - a scroll of noise {unknown}
 v - a scroll of teleportation {unknown}
 y - a scroll of blinking {unknown}
Potions
 f - a potion of might {unknown}
 g - 2 potions of haste {unknown}
 o - a potion of cancellation {unknown}
 p - 2 potions of heal wounds {unknown}
 r - a potion of lignification {unknown}
 u - a potion of berserk rage {unknown}
 w - 2 potions of attraction {unknown}
 z - 2 potions of resistance {unknown}
 A - 2 potions of flight {unknown}


   Skills:
 + Level 2.6 Fighting
 - Level 2.0 Short Blades
 - Level 2.4 Dodging
 + Level 4.9 Stealth
 - Level 6.0 Spellcasting
 + Level 4.7 Conjurations
 + Level 3.3 Summonings
 - Level 2.0 Translocations
 - Level 2.0 Air Magic
 - Level 2.0 Poison Magic


You had 8 spell levels left.
You knew the following spells:

 Your Spells              Type           Power      Damage    Failure   Level
a - Magic Dart            Conj           100%       1d8       1%          1
b - Blink                 Tloc           28%        N/A       6%          2
c - Call Imp              Summ           20%        N/A       3%          2
d - Mephitic Cloud        Conj/Pois/Air  18%        N/A       9%          3
e - Cigotuvi's Dreadful   Necr/Pois/Air  22%        N/A       9%          2

Your spell library contained the following spells:

 Spells                   Type           Power      Damage    Failure   Level
 Shock                    Conj/Air       80%        1d8       2%          1
 Momentum Strike          Conj/Tloc      40%        3d9       3%          2
 Poisonous Vapours        Pois/Air       28%        N/A       6%          2
 Slow                     Hex            24%        N/A       10%         1
 Lesser Beckoning         Tloc           28%        N/A       13%         3
 Swiftness                Air            14%        N/A       13%         3
 Confusing Touch          Hex            6%         N/A       28%         3
 Vampiric Draining        Necr           6%         2d6       28%         3
 Airstrike                Air            7%         2d(1-17)  38%         4


Dungeon Overview and Level Annotations

Branches:
Dungeon (5/15)
 Temple: D:4-7

Altars:
Trog
Vehumet
Wu Jian

Shops:
D:3 (

Annotations:
D:3 3 runed translucent doors, Darkkill's ghost, amateur MiHu; FakeRyeBread's ghost, amateur GnWn; Mitcholas's ghost, amateur HOMo; bande's ghost, amateur GrFi
D:4 Pikel
D:5 2 transporters, lotum's ghost, novice TeMo


Message History

Okay, then.
You don't have enough magic to cast this spell.
The wyvern misses you. The wyvern closely misses you.
Throw: throwing net
Press: ? - help, Q - select action, (/) - cycle Shift-Dir - straight line, f/p - wyvern
Aim: a wyvern (moderately wounded, 59% to hit)
You throw a throwing net. The throwing net hits the wyvern.
The wyvern is caught in the net!
The wyvern is moderately wounded.
The wyvern struggles against the net.
The wyvern struggles against the net. x2
The wyvern struggles against the net.
You hit the wyvern but do no damage.
The wyvern is moderately wounded.
The wyvern struggles against the net.
The net rips apart, and the wyvern comes free!
You closely miss the wyvern.
The wyvern is moderately wounded.
The wyvern completely misses you. The wyvern bites you!
* * * LOW HITPOINT WARNING * * *
It was a potion of curing.
You feel better. The wyvern barely misses you. The wyvern closely misses you.
Casting: Magic Dart (safe; 1% risk of failure)
Confirm with . or Enter, or press ? or * to list all spells.
You blink.
The wyvern completely misses you. The wyvern misses you.
The wyvern closely misses you.
You feel stable enough to blink again. The wyvern barely misses you.
The wyvern attacks as you move away! The wyvern closely misses you.
The wyvern closely misses you. The wyvern attacks as you move away!
The wyvern misses you. The wyvern bites you!
* * * LOW HITPOINT WARNING * * *
You feel better. The wyvern bites you!
* * * LOW HITPOINT WARNING * * *
You feel better. The wyvern closely misses you. The wyvern bites you.
* * * LOW HITPOINT WARNING * * *
You feel better. The wyvern bites you!
You die...

##.............5..##
#.....†.########.## #...#####
### #...### #### #.....###
##..########## .<......##
###............#
...###...#####.....÷.....<..##
...# ##..................#...#
...## ##.......l@..........###
#...####.....###...#########
###...#......####..#
#.......>...# #..##
##..........# ##.># #
##......)..# ##.##
####..........# ##.##
.......######## ##.## ......##
##.###


You could see a wyvern.

Vanquished Creatures
  Sigmund (D:4)
  An ogre (D:5)
  A black bear (D:4)
  A howler monkey (D:5)
  3 hounds
  3 iguanas (D:5)
  7 gnolls
  4 adders
  A white imp (D:5)
  An ufetubus (D:5)
  4 dart slugs
  8 orcs
  12 ball pythons
  4 endoplasms
  4 giant cockroaches
  2 goblins
  3 hobgoblins
  10 jackals
  6 kobolds
  5 quokkas
  2 bats (D:1)
  3 frilled lizards
  8 rats
94 creatures vanquished.

Vanquished Creatures (collateral kills)
  2 lemures
  A hound (D:4)
  6 gnolls
  3 adders (D:4)
  A white imp (D:5)
  3 worms (D:2)
  An orc (D:4)
  2 endoplasms (D:4)
  2 giant cockroaches (D:4)
  A goblin (D:3)
  A hobgoblin (D:4)
  5 rats
28 creatures vanquished.

Vanquished Creatures (others)
  10 fungi (D:5)
  8 plants (D:2)
18 creatures vanquished.

Grand Total: 140 creatures vanquished

Notes
Turn   | Place    | Note
-------+----------+-------------------------------------------
     0 | D:1      | Coaxmetal the Deep Elf Hedge Wizard began the quest for the
                  | Orb.
     0 | D:1      | Reached XP level 1. HP: 10/10 MP: 7/7
   332 | D:1      | Reached XP level 2. HP: 16/16 MP: 3/9
   898 | D:1      | Reached XP level 3. HP: 15/20 MP: 3/11
  1171 | D:1      | Found a faded altar of an unknown god.
  1191 | D:1      | You fall into a shaft and drop 1 floor!
  1200 | D:2      | Reached skill level 1 in Fighting
  1203 | D:2      | Learned a level 2 spell: Blink
  1206 | D:2      | Learned a level 2 spell: Call Imp
  1210 | D:2      | Learned a level 3 spell: Mephitic Cloud
  1289 | D:2      | Reached XP level 4. HP: 24/25 MP: 1/12
  1446 | D:2      | Reached skill level 5 in Spellcasting
  2329 | D:3      | Found an ornate altar of the Wu Jian Council.
  2404 | D:3      | Found Xaonlori's Weapon Shoppe.
  2561 | D:3      | Found a runed translucent gate.
  2564 | D:3      | Found a runed translucent gate.
  2564 | D:3      | Found a runed translucent gate.
  2564 | D:3      | Noticed Mitcholas's ghost (amateur HOMo)
  2567 | D:3      | Noticed FakeRyeBread's ghost (amateur GnWn)
  2568 | D:3      | Noticed bande's ghost (amateur GrFi)
  2574 | D:3      | Noticed Darkkill's ghost (amateur MiHu)
  2670 | D:3      | Reached XP level 5. HP: 27/29 MP: 7/14
  2975 | D:4      | Noticed a lemure
  3007 | D:4      | Killed a lemure
  3268 | D:4      | Noticed a black bear
  3289 | D:3      | Learned a level 2 spell: Cigotuvi's Dreadful Rot
  3449 | D:4      | Reached XP level 6. HP: 35/35 MP: 2/16
  3699 | D:4      | Reached skill level 1 in Poison Magic
  3724 | D:4      | Noticed Sigmund
  3765 | D:4      | Killed Sigmund
  3766 | D:4      | Reached skill level 6 in Spellcasting
  3766 | D:4      | Reached skill level 1 in Air Magic
  3942 | D:4      | Reached XP level 7. HP: 28/40 MP: 13/18
  3963 | D:4      | Noticed Pikel
  4433 | D:5      | Entered Level 5 of the Dungeon
  4569 | D:5      | Reached skill level 1 in Short Blades
  4666 | D:5      | Noticed lotum's ghost (novice TeMo)
  4669 | D:5      | Noticed a kobold demonologist
  4678 | D:5      | Noticed a moth of wrath
  4703 | D:5      | Found a transporter.
  4707 | D:5      | Found a transporter.
  5381 | D:5      | Found a radiant altar of Vehumet.
  5473 | D:5      | Found a bloodstained altar of Trog.
  5653 | D:5      | Noticed a wyvern
  5735 | D:4      | Mangled by a wyvern

Illustrated notes

Levels and vault maps discovered:
D:1:      amcnicky_arrival_single_pillar, layout_loops_ring,
          basic_ecumenical_altar, minmay_cupped
D:2:      layout_rooms, nicolae_grassy_gnolls
D:3:      layout_rooms, nzn_wu_jian_council_hall, serial_shops,
          nicolae_shop_bloodbath_and_beyond, gammafunk_ghost_cemetery
D:4:      layout_layer_cave, uniq_pikel, uniq_sigmund
D:5:      layout_loops_ring, tgw_trog, lemuel_crystal_altar,
          gammafunk_ghost_arena, serial_aquarium, aquarium_bridge_square
          [aquarium_subvault_window, aquarium_subvault_window,
          aquarium_subvault_bridge, aquarium_subvault_bridge],
          aquarium_bridge_island_small [aquarium_subvault_small_water,
          aquarium_subvault_window, aquarium_subvault_bridge,
          aquarium_subvault_wall, aquarium_subvault_wall],
          aquarium_window_corridor_3, aquarium_window_2, aquarium_window_1,
          aquarium_window_1, aquarium_view_2b, aquarium_balcony_5b,
          aquarium_pool_split

Skill      XL: |  1  2  3  4  5  6  7 |
---------------+----------------------+-----
Fighting       | 1 2 |  2.6
Stealth        | 3 4 |  4.9
Conjurations   | 2 3 4 |  4.7
Summonings     | 2 3 |  3.3
Spellcasting   | 5 6 |  6.0
Translocations | 2 |  2.0
Poison Magic   | 2 |  2.0
Air Magic      | 2 |  2.0
Short Blades   | 2 |  2.0
Dodging        | |  2.4

Action                   |  1- 3 |  4- 6 |  7- 9 || total
-------------------------+-------+-------+-------++-------
Melee: Dagger            |     7 |    13 |     7 ||    27
Throw: Throwing net      |       |       |     1 ||     1
 Cast: Magic Dart        |    96 |   132 |    99 ||   327
       Call Imp          |     1 |    23 |    16 ||    40
       Blink             |       |     2 |     2 ||     4
       Cigotuvi's Dreadf |       |     1 |     3 ||     4
  Use: Potion            |       |     1 |     4 ||     5
Armor: Robe              |     2 |    17 |     7 ||    26
Dodge: Dodged            |    15 |    66 |    32 ||   113

Table legend: (Time is in decaauts)
 A = Elapsed time spent in this place.
 B = Non-inter-level travel time spent in this place.
 C = Inter-level travel time spent in this place.
 D = Time resting spent in this place.
 E = Time spent auto-exploring this place.
 F = Levels seen in this place.
 G = Mean time per level.
                   A        B        C        D        E       F      G
               +--------+--------+--------+--------+--------+-----+--------+
         Total |   5736 |   5469 |    267 |   1500 |   2870 |   5 | 1147.2 |
       Dungeon |   5736 |   5469 |    267 |   1500 |   2870 |   5 | 1147.2 |
               +--------+--------+--------+--------+--------+-----+--------+

Top non-repeatable levels by time:
     D:5: 1278 daAuts
     D:1: 1191 daAuts
     D:3: 1111 daAuts
     D:2: 1088 daAuts
     D:4: 1067 daAuts
